General information
- name: BNet
- type: Ladder team game (AT/RT)
- host: Battle.net
- saver: Macro_Practice
map: Battleground
- players: 8
- length: 28:58
- speed: Fast
- version: 1.26 W3XP
- replay type: Public
» download(211 KB)
Players
team 1 (loser)

»
IGotGoodKarma (
teal | 29 APM | 831 actions | 28:57)
6 Mountain King
3 Storm Bolt
2 Bash
1 Avatar
» actions
| Basic commands | 3 | |
| Build / train | 99 | |
| Enter build submenu | 24 | |
| Enter hero's abilities submenu | 6 | |
| Remove unit from queue | 3 | |
| Right click | 295 | |
| Select / deselect | 342 | |
| Use ability | 58 | |
831 total
» units
| Peasant | 8 | |
| Rifleman | 38 | |
| Mortar Team | 20 | |
| Flying Machine | 1 | |
67 total
» upgrades
| Armor | 2 | |
| Gunpowder | 3 | |
| Flare | 1 | |
| Fragmentation Shards | 1 | |
| Long Rifles | 1 | |
8 total
» buildings
| Farm | 11 | |
| Altar of Kings | 1 | |
| Barracks | 1 | |
| Lumber Mill | 1 | |
| Blacksmith | 1 | |
| Scout Tower | 4 | |
| Guard Tower | 4 | |
| Keep | 1 | |
| Workshop | 1 | |
| Castle | 1 | |
| Arcane Vault | 1 | |
27 total
» build order
00:24 Farm
00:55 Altar of Kings
01:09 Barracks
01:41 Lumber Mill
02:01 Farm
02:15 Blacksmith
02:25 Scout Tower
02:39 Farm
02:58 Guard Tower
03:00 Scout Tower
03:16 Scout Tower
03:28 Guard Tower
03:49 Guard Tower
03:53 Farm
04:40 Farm
05:18 Keep
05:39 Farm
06:24 Scout Tower
06:58 Guard Tower
07:01 Farm
07:43 Workshop
08:49 Farm
11:04 Farm
12:19 Farm
12:22 Castle
13:13 Farm
26:47 Arcane Vault
» items
| Healing Salve | 2 | |
| Lesser Clarity Potion | 2 | |
| Orb of Lightning | 1 | |
| Scroll of Regeneration | 2 | |
| Mechanical Critter | 1 | |
8 total

»
Yomi (
pink | 166 APM | 4518 actions | 27:15)
6 Far Seer
3 Feral Spirit
2 Chain Lighting
1 Earth Quake
» actions
| Assign group hotkey | 317 | |
| Basic commands | 373 | |
| Build / train | 99 | |
| ESC pressed | 14 | |
| Enter build submenu | 35 | |
| Enter hero's abilities submenu | 9 | |
| Give item / drop item | 3 | |
| Right click | 1887 | |
| Select / deselect | 882 | |
| Select group hotkey | 661 | |
| Use ability | 238 | |
4518 total
» units
| Peon | 30 | |
| Grunt | 4 | |
| Troll Headhunter/Berserker | 7 | |
| Shaman | 6 | |
| Spirit Walker | 4 | |
| Raider | 2 | |
| Troll Batrider | 13 | |
66 total
» upgrades
| Ensnare | 1 | |
| Shaman Training | 2 | |
| Reinforced Defenses | 1 | |
| Witch Doctor Training | 1 | |
| Spirit Walker Training | 1 | |
6 total
» buildings
| Orc Burrow | 6 | |
| Altar of Storms | 1 | |
| War Mill | 1 | |
| Voodoo Lounge | 4 | |
| Barracks | 2 | |
| Stronghold | 1 | |
| Spirit Lodge | 4 | |
| Beastiary | 2 | |
| Watch Tower | 10 | |
| Great Hall | 2 | |
| Fortress | 1 | |
34 total
» build order
00:20 Orc Burrow
00:27 Altar of Storms
00:50 War Mill
01:35 Orc Burrow
01:39 Voodoo Lounge
02:09 Barracks
02:11 Barracks
03:02 Orc Burrow
04:34 Stronghold
07:13 Voodoo Lounge
07:29 Spirit Lodge
07:30 Beastiary
07:34 Spirit Lodge
07:57 Watch Tower
08:01 Orc Burrow
09:05 Voodoo Lounge
09:10 Orc Burrow
11:16 Orc Burrow
12:11 Watch Tower
12:12 Watch Tower
12:15 Great Hall
12:26 Fortress
13:17 Watch Tower
13:19 Voodoo Lounge
14:21 Great Hall
14:40 Watch Tower
14:40 Watch Tower
14:44 Watch Tower
14:44 Watch Tower
15:05 Spirit Lodge
15:07 Beastiary
16:16 Spirit Lodge
19:20 Watch Tower
19:20 Watch Tower
» items
| Healing Salve | 2 | |
| Lesser Clarity Potion | 4 | |
| Scroll of Speed | 1 | |
| Boots of Speed | 1 | |
| Staff of Teleportation | 1 | |
| Dust of Appearance | 3 | |
| Potion of Mana | 2 | |
| Potion of Healing | 1 | |
| Scroll of Town Portal | 1 | |
| Tiny Great Hall | 1 | |
17 total
deathwing8 (
yellow | 42 APM | 1215 actions | 28:56)
6 Archmage
3 Summon Water Elemental
3 Brilliance Aura
5 Paladin
3 Holy Light
2 Divine Shield
2 Mountain King
1 Storm Bolt
1 Thunder Clap
» actions
| Assign group hotkey | 33 | |
| Basic commands | 28 | |
| Build / train | 69 | |
| Enter build submenu | 18 | |
| Enter hero's abilities submenu | 13 | |
| Give item / drop item | 1 | |
| Right click | 563 | |
| Select / deselect | 268 | |
| Select group hotkey | 112 | |
| Use ability | 110 | |
1215 total
» units
| Peasant | 19 | |
| Footman | 12 | |
| Knight | 9 | |
40 total
» upgrades
| Defend | 1 | |
| Lumber Harvesting | 1 | |
| Swords | 3 | |
| Animal War Training | 1 | |
| Plating | 2 | |
8 total
» buildings
| Altar of Kings | 1 | |
| Farm | 9 | |
| Barracks | 2 | |
| Lumber Mill | 1 | |
| Keep | 1 | |
| Blacksmith | 1 | |
| Scout Tower | 1 | |
| Guard Tower | 1 | |
| Castle | 1 | |
| Arcane Vault | 1 | |
| Town Hall | 1 | |
20 total
» build order
00:04 Altar of Kings
00:18 Farm
00:20 Barracks
01:34 Farm
01:55 Lumber Mill
02:05 Farm
02:53 Farm
03:03 Keep
03:41 Blacksmith
04:04 Farm
04:35 Scout Tower
04:41 Farm
05:43 Guard Tower
10:30 Castle
10:36 Arcane Vault
11:33 Barracks
15:06 Farm
15:56 Farm
18:20 Farm
19:10 Town Hall
» items
| Healing Salve | 1 | |
| Scroll of Regeneration | 1 | |
2 total
I)eathKnight (
blue | 16 APM | 460 actions | 28:45)
2 Paladin
1 Divine Shield
1 Holy Light
2 Archmage
1 Summon Water Elemental
1 Brilliance Aura
1 Mountain King
1 Bash
» actions
| Build / train | 50 | |
| Enter build submenu | 20 | |
| Enter hero's abilities submenu | 5 | |
| Remove unit from queue | 1 | |
| Right click | 187 | |
| Select / deselect | 155 | |
| Use ability | 41 | |
460 total
» units
| Peasant | 7 | |
| Gryphon Rider | 14 | |
| Knight | 7 | |
28 total
» upgrades
| Lumber Harvesting | 2 | |
| Swords | 3 | |
| Armor | 3 | |
| Animal War Training | 1 | |
| Storm Hammers | 1 | |
| Plating | 1 | |
11 total
» buildings
| Altar of Kings | 1 | |
| Farm | 13 | |
| Barracks | 1 | |
| Keep | 1 | |
| Castle | 1 | |
| Lumber Mill | 3 | |
| Blacksmith | 1 | |
| Gryphon Aviary | 1 | |
22 total
» build order
01:11 Altar of Kings
01:44 Farm
02:03 Barracks
02:44 Keep
03:06 Farm
05:15 Castle
05:28 Farm
13:50 Farm
14:02 Lumber Mill
14:15 Blacksmith
15:02 Farm
15:19 Gryphon Aviary
15:45 Farm
16:34 Farm
16:46 Farm
17:18 Farm
17:55 Farm
18:03 Farm
18:51 Farm
18:58 Lumber Mill
19:09 Lumber Mill
19:34 Farm
team 2 (winner)

»
Bashiok (
purple | 67 APM | 1947 actions | 28:58)
8 Mountain King
3 Storm Bolt
3 Bash
1 Avatar
1 Thunder Clap
» actions
| Assign group hotkey | 171 | |
| Basic commands | 190 | |
| Build / train | 93 | |
| ESC pressed | 2 | |
| Enter build submenu | 19 | |
| Enter hero's abilities submenu | 8 | |
| Give item / drop item | 4 | |
| Remove unit from queue | 8 | |
| Right click | 764 | |
| Select / deselect | 207 | |
| Select group hotkey | 384 | |
| Use ability | 97 | |
1947 total
» units
| Peasant | 14 | |
| Footman | 3 | |
| Rifleman | 20 | |
| Forest Troll Shadow Priest | 1 | |
38 total
» upgrades
| Masonry | 3 | |
| Gunpowder | 3 | |
| Armor | 3 | |
| Long Rifles | 1 | |
| Backpack | 0 | |
| Lumber Harvesting | 1 | |
11 total
» buildings
| Altar of Kings | 1 | |
| Farm | 7 | |
| Barracks | 2 | |
| Scout Tower | 1 | |
| Lumber Mill | 2 | |
| Arcane Vault | 1 | |
| Arcane Tower | 1 | |
| Blacksmith | 1 | |
| Keep | 1 | |
| Castle | 1 | |
| Workshop | 1 | |
| Arcane Sanctum | 1 | |
| Town Hall | 1 | |
21 total
» build order
00:28 Altar of Kings
00:41 Farm
00:53 Barracks
01:14 Scout Tower
01:26 Lumber Mill
01:38 Lumber Mill
01:48 Farm
02:09 Arcane Vault
02:25 Arcane Tower
02:42 Farm
02:49 Blacksmith
03:22 Barracks
03:57 Farm
04:44 Keep
08:09 Farm
08:10 Farm
08:10 Farm
13:06 Castle
13:09 Workshop
13:15 Arcane Sanctum
23:54 Town Hall
» items
| Scroll of Regeneration | 4 | |
| Lesser Clarity Potion | 6 | |
| Scroll of Town Portal | 3 | |
| Potion of Healing | 3 | |
| Orb of Fire | 1 | |
| Healing Salve | 3 | |
| Orb of Lightning | 1 | |
| Potion of Mana | 1 | |
22 total

»
Macro_Practice (
red | 66 APM | 1925 actions | 28:58)
6 Demon Hunter
3 Mana Burn
2 Evasion
1 Metamorphosis
5 Keeper of the Grove
3 Entangling Roots
2 Thorns Aura
» actions
| Assign group hotkey | 36 | |
| Basic commands | 65 | |
| Build / train | 86 | |
| ESC pressed | 5 | |
| Enter build submenu | 21 | |
| Enter hero's abilities submenu | 12 | |
| Give item / drop item | 1 | |
| Right click | 689 | |
| Select / deselect | 477 | |
| Select group hotkey | 390 | |
| Use ability | 143 | |
1925 total
» units
| Wisp | 8 | |
| Archer | 5 | |
| Huntress | 10 | |
| Mountain Giant | 5 | |
| Druid of the Claw | 5 | |
| Dryad | 6 | |
39 total
» upgrades
| Strength of the Moon | 2 | |
| Ultravision | 1 | |
| Sentinel | 1 | |
| Well Spring | 1 | |
| Upgrade Moon Glaive | 1 | |
| Druid of the Claw Training | 2 | |
| Moon Armor | 1 | |
| Mark of the Claw | 1 | |
| Resistant Skin | 1 | |
| Hardened Skin | 1 | |
| Reinforced Hides | 3 | |
| Abolish Magic | 1 | |
| Strength of the Wild | 3 | |
19 total
» buildings
| Altar of Elders | 1 | |
| Moon Well | 5 | |
| Ancient of War | 1 | |
| Ancient of Wonders | 1 | |
| Hunter's Hall | 1 | |
| Tree of Ages | 1 | |
| Ancient of Lore | 2 | |
| Tree of Eternity | 1 | |
| Tree of Life | 1 | |
14 total
» build order
00:05 Altar of Elders
00:17 Moon Well
00:31 Ancient of War
01:45 Moon Well
02:08 Ancient of Wonders
02:54 Hunter's Hall
04:31 Tree of Ages
05:36 Moon Well
05:44 Moon Well
06:32 Moon Well
07:17 Ancient of Lore
08:18 Tree of Eternity
08:48 Ancient of Lore
26:26 Tree of Life
» items
| Scroll of Town Portal | 3 | |
| Potion of Healing | 6 | |
| Orb of Venom | 1 | |
| Staff of Preservation | 1 | |
| Moonstone | 1 | |
12 total

»
ciradelcarmen (
green | 21 APM | 609 actions | 28:58)
8 Blademaster
3 Critical Strike
3 Mirror Image
1 Bladestorm
1 Wind Walk
» actions
| Build / train | 64 | |
| Enter build submenu | 20 | |
| Enter hero's abilities submenu | 8 | |
| Give item / drop item | 4 | |
| Remove unit from queue | 2 | |
| Right click | 210 | |
| Select / deselect | 234 | |
| Use ability | 67 | |
609 total
» units
| Peon | 9 | |
| Grunt | 8 | |
| Forest Troll Shadow Priest | 1 | |
| Forest Troll Berserker | 1 | |
| Wind Rider | 14 | |
| Kodo Beast | 2 | |
35 total
» upgrades
| Spiked Barricades | 3 | |
| Armor | 3 | |
| Ranged Weapons | 3 | |
| Envenomed Spears | 1 | |
| Reinforced Defenses | 1 | |
11 total
» buildings
| Altar of Storms | 1 | |
| Orc Burrow | 5 | |
| War Mill | 1 | |
| Barracks | 2 | |
| Voodoo Lounge | 1 | |
| Watch Tower | 5 | |
| Stronghold | 1 | |
| Beastiary | 2 | |
| Fortress | 1 | |
| Great Hall | 1 | |
20 total
» build order
00:21 Altar of Storms
00:26 Orc Burrow
01:23 Orc Burrow
01:46 War Mill
01:54 Barracks
02:15 Barracks
02:34 Voodoo Lounge
02:53 Orc Burrow
05:29 Watch Tower
06:38 Stronghold
06:58 Watch Tower
08:45 Watch Tower
09:08 Beastiary
09:10 Beastiary
12:02 Orc Burrow
12:09 Orc Burrow
12:15 Fortress
27:07 Great Hall
27:11 Watch Tower
27:13 Watch Tower
» items
| Scroll of Speed | 1 | |
| Lesser Clarity Potion | 1 | |
| Healing Salve | 2 | |
| Potion of Lesser Invulnerability | 1 | |
5 total
RM-WUTANGSON (
orange | 26 APM | 764 actions | 28:58)
4 Blademaster
2 Wind Walk
2 Critical Strike
3 Tauren Chieftain
2 Shockwave
1 Endurance Aura
» actions
| Assign group hotkey | 6 | |
| Basic commands | 123 | |
| Build / train | 62 | |
| Enter build submenu | 24 | |
| Enter hero's abilities submenu | 7 | |
| Give item / drop item | 3 | |
| Right click | 225 | |
| Select / deselect | 212 | |
| Select group hotkey | 5 | |
| Use ability | 97 | |
764 total
» units
| Peon | 11 | |
| Shaman | 5 | |
| Troll Witch Doctor | 3 | |
| Tauren | 7 | |
| Forest Troll Shadow Priest | 1 | |
| Ogre Mauler | 1 | |
| Forest Troll Berserker | 1 | |
| Demolisher | 1 | |
30 total
» upgrades
| Spiked Barricades | 1 | |
| Melee Weapons | 2 | |
| Shaman Training | 2 | |
| Reinforced Defenses | 1 | |
| Armor | 2 | |
| Witch Doctor Training | 2 | |
| Pulverize | 1 | |
| Burning Oil | 1 | |
12 total
» buildings
| Altar of Storms | 2 | |
| Orc Burrow | 7 | |
| War Mill | 2 | |
| Voodoo Lounge | 1 | |
| Watch Tower | 7 | |
| Stronghold | 1 | |
| Fortress | 1 | |
| Spirit Lodge | 2 | |
| Tauren Totem | 2 | |
| Barracks | 1 | |
26 total
» build order
01:09 Altar of Storms
01:11 Orc Burrow
01:15 Altar of Storms
01:49 War Mill
02:39 Orc Burrow
02:44 Voodoo Lounge
03:33 Watch Tower
03:42 Orc Burrow
04:40 Watch Tower
04:53 Watch Tower
05:46 Watch Tower
05:51 Watch Tower
06:09 Stronghold
06:57 Watch Tower
07:47 Watch Tower
09:16 Fortress
09:30 Spirit Lodge
09:31 Spirit Lodge
11:55 Tauren Totem
12:00 Tauren Totem
12:37 Orc Burrow
14:30 Orc Burrow
14:47 War Mill
15:31 Orc Burrow
18:02 Barracks
23:36 Orc Burrow
» items
| Healing Salve | 2 | |
| Lesser Clarity Potion | 2 | |
| Scroll of Speed | 2 | |
| Orb of Lightning | 1 | |
7 total
Chat log
(00:10 / All) Yomi: Rare footage of Bashiok actually angry.
(00:21 / All) Bashiok: IM FROM BLIZZARD YOU WILL DO AS I SAY
(00:36 / All) Macro_Practice: r u rly
(00:36 / All) Yomi: Rare footage of Fargo actually windy.
(00:37 / All) Bashiok: I PLAY THIS GAME FOR FUN AND SO SHOULD YOU
(00:43 / All) RM-WUTANGSON: what
(00:46 / All) Yomi: I play to win, not to do difficult moves.
(00:51 / All) RM-WUTANGSON: i dont play for money
(00:51 / All) Macro_Practice: r u rly work for bliz?
(00:53 / All) RM-WUTANGSON: i wish I could
(00:58 / All) Yomi: His name is Bashiok.
(01:02 / All) Yomi: Why wouldn't he work for Blizzard?
(01:10 / All) Bashiok: YES I AM THE EVIL NAZI MODERATOR OF THE WOWFORUMS
(01:11 / All) Yomi: It's not like you can just create a new name after any Blizzard employee.
(01:18 / All) Macro_Practice: i uno that y iask
(02:01 / All) Yomi: I dedicate this game to the memory and honor of Bashiok.
(02:14 / All) Macro_Practice: Before he lost his shit?
(02:16 / All) Bashiok: IS THAT A THREAT TO KILL ME
(02:20 / Allies) ciradelcarmen: i'm rushing these fags
(02:21 / All) Yomi: No.
(02:22 / All) Bashiok: BLIZZARD DOES NOT COOPERATE WITH TERRORISTS
(02:23 / All) Yomi: It's a PROMISEā¢.
(02:29 / All) Macro_Practice: or daeity
(02:32 / All) Yomi: ok E-Sports time.
(02:36 / All) Macro_Practice: Why
(02:37 / All) Yomi: nochat gg gl
(02:39 / All) Macro_Practice: Do you have a bser?
(02:45 / All) Yomi: Not as far as I know.
(02:50 / All) Yomi: I mean, then again, this is RT.
(02:55 / All) Yomi: People playing their hardest is usually a stab.
(02:58 / All) deathwing8: i forgot how to play wc3
(03:00 / All) deathwing8: fucking sc2
(03:06 / All) Yomi: np
(03:15 / All) Yomi: are you for reeal
(03:29 / All) RM-WUTANGSON: whaaaaat
(03:31 / All) deathwing8: sc2 is so easy, a-move, go take a shit
(03:44 / All) Bashiok: HE IS FO REEL
(04:17 / All) Yomi: OH YOU PIG FUCKER
(04:26 / All) Macro_Practice: lol he mad
(04:32 / All) Bashiok: HOW DARE YOU MAKE A MAD MAXX REFERENCE IN 2012
(04:49 / All) RM-WUTANGSON: cause the oils runnin out SOn
(05:15 / All) Bashiok: BLAH BLAH BLAH UR MOM LAST NITE LAWL
(05:17 / All) Yomi: out dilth
(06:13 / All) Yomi: out dilth
(06:16 / All) Yomi: dirt and/or filth
(06:18 / All) Macro_Practice: int is like the worst stat
(06:21 / All) Macro_Practice: For adh
(06:29 / All) Yomi: the worst stat
(06:31 / All) Yomi: in your case
(06:34 / All) Yomi: is the fact you're controlling him
(06:38 / All) Macro_Practice: lol
(06:59 / All) deathwing8: your a-move was worse than mine
(07:01 / All) deathwing8: how does that work
(07:11 / All) Bashiok: WTF IS AN A MOVE
(07:18 / All) Yomi: it's a plan
(07:20 / All) Yomi: by the A-Team
(07:22 / All) Yomi: to win the day
(07:27 / All) deathwing8: always
(07:43 / All) Yomi: I love it when a Hunt Spam comes together.
(07:46 / All) Bashiok: WE HERE AT BLIZZARD ENTERTAINMENT STRONGLY SUPPORT THE SUGGESTIONS OF OUR PLAYERS
(08:00 / All) Bashiok: AS SUCH WE WILL BE NERFING BLADEMASTERS BY REDUCING THE DURATION OF RANK 3 WINDWALK BY ONE SECOND
(08:05 / All) Yomi: lolol
(08:14 / All) RM-WUTANGSON: NOOOO
(08:17 / All) RM-WUTANGSON: NOOOOOOO
(08:29 / All) Bashiok: HEY ORANGE
(08:32 / All) Bashiok: WHY IS YOUR HERO LEVEL ONE
(08:38 / All) Bashiok: OH RIGHT CAUSE YOURE CREEPING WITH TOWERS
(08:38 / All) Bashiok: NVM
(08:41 / All) RM-WUTANGSON: cause im chilling
(09:03 / All) RM-WUTANGSON: i dont care Units only feed
(09:22 / All) Macro_Practice: or they make video game bloggers call you a pig fucker
(09:32 / All) Yomi: truedat homie
(10:06 / All) RM-WUTANGSON: but srlysly who hangs out in ww anyway, you lewt your target recharge too much
(11:32 / All) Macro_Practice: yeah that sucked
(11:34 / All) Yomi: i like how you can outplay me
(11:38 / All) Yomi: with enough skill
(11:39 / All) Yomi: that's fair
(11:41 / All) Yomi: lol...
(11:54 / All) Yomi: fuck me
(11:55 / All) Macro_Practice: it's ok
(11:57 / All) deathwing8: wtf was that
(11:59 / All) Macro_Practice: your allies are outplaying me
(12:02 / All) Yomi: that was shit micro
(12:04 / All) Macro_Practice: So what does THAT say about what you sjust sai
(12:19 / All) Yomi: sorry yellow
(12:22 / All) Yomi: i've played more sc2 than you
(12:35 / All) Bashiok: you havent played sc2 in 3 months
(12:40 / All) Yomi: STFU IM COVERING MY ASS HERE
(12:41 / All) RM-WUTANGSON: whats sc2
(12:43 / All) RM-WUTANGSON: wahnn
(12:49 / All) Yomi: Supreme Commander 2
(12:52 / All) deathwing8: i have carpal tunnel
(12:54 / All) Yomi: Soul Calibur 2
(12:56 / Allies) Bashiok: sotp that expo
(12:57 / All) RM-WUTANGSON: me too man
(13:08 / All) RM-WUTANGSON: i was flipping fries on sat foe the whole ski hill
(13:09 / All) deathwing8: i wrote too many papers at school
(13:12 / All) RM-WUTANGSON: my wrist fgave out
(13:16 / All) RM-WUTANGSON: and all my wc3
(13:18 / All) RM-WUTANGSON: didnt hel
(13:21 / All) RM-WUTANGSON: p
(13:23 / All) deathwing8: yeah it really doesn't
(14:46 / All) Macro_Practice: thought I retreated that guy
(14:47 / All) Macro_Practice: oh well
(14:53 / All) Yomi: I purged and ensnared it.
(14:56 / All) Macro_Practice: Oh
(15:54 / Allies) Bashiok: we need to take out pinks expo
(16:02 / Allies) Macro_Practice: ok
(16:07 / Allies) RM-WUTANGSON: i got it
(16:24 / Allies) Macro_Practice: bakc
(16:25 / Allies) Macro_Practice: t
(17:15 / Allies) Macro_Practice: had to back out
(18:07 / Allies) Macro_Practice: green
(18:08 / Allies) Macro_Practice: why
(18:08 / Allies) Macro_Practice: did
(18:13 / All) Macro_Practice: Green
(18:15 / All) Macro_Practice: why did you do that
(18:25 / All) Yomi: i call obs
(18:30 / All) ciradelcarmen: seemed comical
(18:35 / All) Macro_Practice: ok
(18:40 / All) Macro_Practice: better reason that I expected
(18:41 / All) Yomi: wrong answer, you blame your allies
(18:44 / All) Yomi: always
(18:45 / All) Yomi: blame
(18:46 / All) Yomi: allies
(18:49 / All) Yomi: or lag
(18:52 / All) Yomi: lag is a good second response
(19:09 / All) ciradelcarmen: i did have a lil lag as well
(19:13 / Allies) RM-WUTANGSON: attk
(19:14 / Allies) RM-WUTANGSON: again
(19:15 / All) Yomi: response
(19:37 / Allies) Macro_Practice: don't engage the towers
(20:53 / All) Yomi: why stab blue
(20:57 / All) Macro_Practice: lol
(21:13 / All) Bashiok: yeah ghetto why are you stabbing blue
(21:13 / All) Yomi: pretending to suck seems like the most pointless form of stabbing ever
(21:35 / All) deathwing8: at least he is upgrading
(21:43 / All) Yomi: and I'm not?
(21:55 / All) deathwing8: no, i'm just saying it's better than REALLY sitting there
(21:57 / Allies) RM-WUTANGSON: retreat
(22:03 / All) Yomi: point taken
(22:11 / All) ciradelcarmen: less talk more pain
(22:16 / All) Yomi: Reported, obviously.
(22:21 / All) deathwing8: oh fuck you D:
(22:26 / All) RM-WUTANGSON: w/e I reported someone once
(22:56 / All) Macro_Practice: I really appreciate teal though
(23:04 / All) Macro_Practice: he fed me his entire army near your expo
(23:07 / All) Macro_Practice: It was yummy
(23:14 / All) Yomi: Reported for trash talk.
(23:25 / All) deathwing8: wow
(23:27 / All) deathwing8: blue is moving
(23:27 / Allies) Macro_Practice: acknowledge this
(23:28 / All) ciradelcarmen: thanks for win guys
(23:37 / All) Yomi: HES ALIVE
(23:37 / Allies) ciradelcarmen: enemy as well as allies
(23:39 / All) deathwing8: damn son, blue has 3-3
(23:42 / All) deathwing8: been busy a'ight
(24:31 / All) ciradelcarmen: fyi yellows base is gone no need to defend it
(24:45 / All) Yomi: yes
(24:47 / All) Yomi: flanking you when you're alone
(24:49 / All) Yomi: when we're down
(24:49 / All) Yomi: is bad
(26:16 / All) Yomi: gg
(26:17 / All) Yomi: im out
(26:25 / All) deathwing8: i have two heroes left
(26:28 / All) deathwing8: i'm almost playing dota
(26:38 / All) Macro_Practice: ...nothing to brag about
(26:41 / All) Yomi: k wait
(26:50 / All) deathwing8: ^^
(27:14 / All) Yomi: alright yeah too lazy to wait for the next bats
(27:14 / All) Yomi: gg
(27:20 / All) Macro_Practice: wooh
(27:28 / All) RM-WUTANGSON: quitterrrr
(27:40 / All) RM-WUTANGSON: reported for quitting
(27:57 / All) Bashiok: BANLISTBALNIST
(28:00 / All) Macro_Practice: LOL
(28:01 / All) deathwing8: wtf was that
(28:08 / All) deathwing8: WOW
(28:10 / All) ciradelcarmen: i couldn't use my spells :(
(28:17 / All) ciradelcarmen: go bliz
(28:25 / All) RM-WUTANGSON: dun cry
(28:48 / All) ciradelcarmen: wait since we have a gm can he help me
(28:55 / Allies) RM-WUTANGSON: im gonna attk